 Dungeon Crawl Stone Soup version 0.31-a0-702-gf82c85558f (webtiles) character file.

Game seed: 3384177958515077472

84 qw the Shooter (level 4, 0/27 HPs)
             Began as a Gargoyle Hunter on Sept 8, 2023.
             Slain by a quokka (1 damage)
             ... on level 3 of the Dungeon.
             The game lasted 00:00:30 (1247 turns).

qw the Shooter (Gargoyle Hunter)                    Turns: 1247, Time: 00:00:31

Health: 0/27       AC: 11    Str: 15    XL:     4   Next: 45%
Magic:  4/4        EV: 11    Int:  9    God:
Gold:   83         SH:  0    Dex: 15    Spells: 3/3 levels left

rFire   . . .        Y - +0 longbow
rCold   . . .        (shield currently unavailable)
rNeg    + . .        d - +0 ring mail
rPois   inf          (no helmet)
rElec   +            (no cloak)
rCorr   .            (no gloves)
SInv    .            c - +1 pair of boots
Will    .....        (no amulet)
Stlth   +            (no ring)
HPRegen 0.24/turn    (no ring)
MPRegen 0.09/turn

%: no passive effects
@: no status effects
A: sickness immunity, AC +3, negative energy resistance 1, electricity
resistance, torment resistance 1, petrification resistance
a: no special abilities


You were on level 3 of the Dungeon.
You visited 1 branch of the dungeon, and saw 3 of its levels.

You collected 83 gold pieces.


Innate Abilities, Weirdness & Mutations

You are immune to sickness and miasma.
Your stone body is resilient. (AC +3)
You are immune to poison.
You resist negative energy. (rN+)
You are resistant to electric shocks. (rElec)
You are resistant to unholy torment.
You are immune to petrification.


   Skills:
 + Level 2.9 Fighting
 - Level 5.0 Ranged Weapons
 - Level 2.1 Armour
 - Level 1.5 Dodging
 - Level 1.1 Stealth


You had 3 spell levels left.
You didn't know any spells.
Your spell library was empty.

Inventory:

Hand Weapons
 Y - a +0 longbow (weapon)
Armour
 c - a +1 pair of boots (worn)
 d - a +0 ring mail (worn)
Scrolls
 e - 3 scrolls of identify
Potions
 a - a potion of curing
 b - a potion of might
 g - a potion of heal wounds

Dungeon Overview and Level Annotations

Branches:
Dungeon (3/15)

Altars:


Message History

The goblin hits you with a +0 club. The quokka misses you.
You shoot an arrow. The arrow hits the quokka!
You kill the quokka!
The goblin closely misses you. The goblin hits you with a +0 club.
You shoot an arrow. The arrow closely misses the goblin.
The goblin hits you with a +0 club.
You shoot an arrow. The arrow closely misses the goblin.
The goblin hits you but does no damage. The goblin barely misses you.
You shoot an arrow. The arrow barely misses the goblin.
The goblin hits you with a +0 club.
You shoot an arrow. The arrow closely misses the goblin.
The goblin misses you. The goblin hits you with a +0 club.
You shoot an arrow. The arrow hits the goblin.
You kill the goblin!
You start resting.
You feel a little less mighty now.
HP restored.
Done exploring.
What level of the Dungeon? (default 3, ? - help)
You climb downwards.
The quokka bites you but does no damage. x2
The iguana bites you but does no damage.
There is a stone staircase leading up here.
You shoot an arrow. The arrow closely misses the iguana.
The quokka bites you but does no damage.
The iguana bites you. The quokka barely misses you. The worm bites you.
The iguana misses you.
You shoot an arrow. The arrow hits the iguana!
The iguana is heavily wounded.
The quokka bites you but does no damage.
The iguana barely misses you. The quokka misses you.
The worm barely misses you.
You shoot an arrow. The arrow closely misses the iguana.
The iguana bites you but does no damage.
The quokka bites you. The iguana bites you. The quokka closely misses you.
The worm bites you.
You shoot an arrow. The arrow hits the iguana!
The iguana is almost dead.
The quokka bites you but does no damage.
The iguana bites you! The quokka bites you.
You die...

.........
.........
#%.......
.######........
...............
...............
#......r.......
.......@w......
........l......
...............
...........####
...........#
...........#
...#...###..
...#... ...


You could see a worm, an iguana and a quokka.

Vanquished Creatures
  Jessica (D:2)
  An adder (D:2)
  A worm (D:2)
  3 dart slugs
  2 endoplasms
  2 giant cockroaches (D:1)
  6 goblins
  2 hobgoblins (D:1)
  6 jackals (D:1)
  3 quokkas
  4 ball pythons
  A bat (D:2)
  A frilled lizard (D:1)
  2 kobolds (D:2)
  A rat (D:1)
36 creatures vanquished.

Notes
Turn   | Place    | Note
-------+----------+-------------------------------------------
     0 | D:1      | qw the Gargoyle Hunter began the quest for the Orb.
     0 | D:1      | Reached XP level 1. HP: 12/12 MP: 1/1
     0 | D:1      | 0 ||| qw: Version: 0.3-a-76-g4403597
     0 | D:1      | 0 ||| qw: Game counter: 1005
     0 | D:1      | 0 ||| qw: Melee chars always use a shield: true
     0 | D:1      | 0 ||| qw: God list: Okawaru
     0 | D:1      | 0 ||| qw: Allow faded altars: false
     0 | D:1      | 0 ||| qw: Do Orc after clearing Dungeon:15 true
     0 | D:1      | 0 ||| qw: Do second Lair branch before Depths: true
     0 | D:1      | 0 ||| qw: Lair rune preference: random
     0 | D:1      | 0 ||| qw: Goals: Normal
     0 | D:1      | 0 ||| PLANNING D:1-11
    90 | D:1      | Reached XP level 2. HP: 17/17 MP: 2/2
   277 | D:1      | Reached XP level 3. HP: 21/21 MP: 3/3
   298 | D:1      | 298 ||| SWAPPING to +0 longbow.
   299 | D:1      | 299 ||| DROPPING +0 shortbow.
   558 | D:1      | 558 ||| UPGRADING to +0 ring mail.
   568 | D:1      | 568 ||| DROPPING +0 leather armour.
   569 | D:1      | 569 ||| READING scroll labelled ZILOANW UFUURPHA.
   570 | D:1      | 570 ||| READING 2 scrolls labelled JUAMMA KONUHY.
   571 | D:1      | 571 ||| READING 2 scrolls labelled VIGGIRCH TALEKK.
   572 | D:1      | 572 ||| READING scroll labelled CUAQ GUANYSED.
   573 | D:1      | 573 ||| READING scroll labelled TUIJAFFUIMO.
   574 | D:1      | 574 ||| READING scroll labelled XUGHEWNEISM.
   575 | D:1      | 575 ||| DROPPING scroll of butterflies.
   576 | D:1      | 576 ||| DROPPING scroll of amnesia.
   726 | D:2      | Noticed Jessica
   732 | D:2      | Killed Jessica
   803 | D:2      | Reached XP level 4. HP: 26/26 MP: 4/4
   823 | D:2      | Reached skill level 5 in Ranged Weapons
  1132 | D:2      | 1132 ||| UPGRADING to +1 pair of boots.
  1137 | D:2      | 1137 ||| DRINKING 2 white potions.
  1138 | D:2      | 1138 ||| DRINKING 2 glowing white potions.
  1139 | D:2      | 1139 ||| READING 4 scrolls of identify.
  1139 | D:2      | 1139 ||| IDENTIFYING silvery potion
  1153 | D:3      | 1153 ||| STAIRDANCE
  1247 | D:3      | HP: 1/27 [iguana (7)]
  1247 | D:3      | Slain by a quokka

Levels and vault maps discovered:
D:1:      lightli_iron_boxes, layout_basic
D:2:      layout_rooms, uniq_jessica
D:3:      minmay_roachtagon, layout_basic, hellmonk_ecumenical_altar_zigzags

Skill      XL: |  1  2  3  4 |
---------------+-------------+-----
Armour         | 2 |  2.1
Ranged Weapons | 5 |  5.0
Fighting       | |  2.9
Dodging        | |  1.5
Stealth        | |  1.1

Action                     |  1- 3 |  4- 6 || total
---------------------------+-------+-------++-------
   Fire: Shortbow          |    53 |       ||    53
         Longbow           |    21 |    37 ||    58
    Use: Scroll            |     6 |     1 ||     7
         Potion            |       |     2 ||     2
 Armour: Leather armour    |    17 |       ||    17
         Ring mail         |     5 |    47 ||    52
  Dodge: Dodged            |    22 |    30 ||    52

Table legend:
 A = Non-vault XP
 B = Vault XP
 C = Vault XP percentage of total XP
 D = Non-vault monster count
 E = Vault monster count
 F = Vault count percentage of total count
                 A         B        C        D         E       F
            +---------+---------+-------+---------+---------+-------
      Total |      83 |      37 |  30.8 |      35 |       1 |   2.8
            +---------+---------+-------+---------+---------+-------
        D:1 |      37 |       0 |   0.0 |      20 |       0 |   0.0
        D:2 |      42 |      37 |  46.8 |      14 |       1 |   6.7
        D:3 |       4 |       0 |   0.0 |       1 |       0 |   0.0
            +---------+---------+-------+---------+---------+-------
